 Dungeon Crawl Stone Soup version 0.31-a0-431-g88bdf31460 (webtiles) character file.

Game seed: 9169114327790261658

357 Zenkrye the Chopper (level 6, -1/47 HPs)
             Began as a Formicid Fighter on July 31, 2023.
             Slain by a gnoll sergeant
             ... wielding a +4 spear of venom
              (9 damage)
             ... on level 4 of the Dungeon.
             The game lasted 00:08:00 (3315 turns).

Zenkrye the Chopper (Formicid Fighter)              Turns: 3315, Time: 00:08:01

Health: -1/47      AC:  9    Str: 22    XL:     6   Next: 96%
Magic:  6/6        EV:  8    Int:  8    God:
Gold:   160        SH:  5    Dex: 13    Spells: 5/5 levels left

rFire   . . .        a - +0 war axe
rCold   . . .        c - +0 buckler
rNeg    . . .        g - +0 chain mail
rPois   .            (helmet unavailable)
rElec   .            (no cloak)
rCorr   .            (no gloves)
SInv    +            (no boots)
Will    .....        (no amulet) Stlth
                     (no ring)
HPRegen 0.27/turn    (no ring)
MPRegen 0.10/turn

%: no passive effects
@: lethally poisoned (-1 -> -6)
A: permanent stasis, dig shafts and tunnels, antennae 3, four strong arms
a: Dig, Shaft Self


You were on level 4 of the Dungeon.
You visited 1 branch of the dungeon, and saw 4 of its levels.

You collected 160 gold pieces.

Inventory:

Hand Weapons
 a - a +0 war axe (weapon)
Missiles
 e - 3 boomerangs
 h - 3 poisoned darts (quivered)
 n - 2 throwing nets {!f}
Armour
 b - a +0 scale mail
 c - a +0 buckler (worn)
 g - a +0 chain mail (worn)
Scrolls
 i - a scroll of identify {@r1}
 j - a scroll of fear
 m - a scroll of enchant weapon {unknown}
Potions
 d - a potion of might {@q4}
 f - 2 potions of haste {unknown}
 k - a potion of degeneration {unknown}
 l - a potion of ambrosia {unknown}
 o - a potion of curing {@q1}


   Skills:
 - Level 3.2 Fighting
 + Level 6.9 Axes
 - Level 3.2 Armour
 - Level 4.0 Shields


You had 5 spell levels left.
You didn't know any spells.
Your spell library contained the following spells:

 Spells                   Type           Power      Damage    Failure   Level
 Simulacrum               Ice/Necr       0%         N/A       100%        6
 Ozocubu's Refrigeration  Ice            0%         4d7       100%        7
 Polar Vortex             Ice            0%         N/A       100%        9


Dungeon Overview and Level Annotations

Branches:
Dungeon (4/15)
 Temple: D:4-7

Altars:


Innate Abilities, Weirdness & Mutations

You cannot be hasted, slowed, berserked, paralysed or teleported.
You can dig through walls and to a lower floor.
You have a pair of large antennae on your head. (SInv)
Your four strong arms can wield two-handed weapons with a shield.


Message History

You slash the gnoll!
You kill the gnoll!
The gnoll sergeant hits you from afar with a +4 spear of venom. x2
You are poisoned.
You feel very sick.
The gnoll shouts!
You hear an angry hiss.
The gnoll sergeant hits you with a +4 spear of venom!
You see here a +0 club.
You are too injured to fight recklessly!
You are too injured to fight recklessly!
You are too injured to fight recklessly!
You are too injured to fight recklessly!
You are too injured to fight recklessly!
You slash the gnoll sergeant!
The gnoll sergeant is moderately wounded.
You feel sick.
The gnoll sergeant hits you with a +4 spear of venom.
You hit the gnoll sergeant but do no damage.
The gnoll sergeant is moderately wounded.
You feel sick.
The gnoll sergeant hits you with a +4 spear of venom.
* * * LOW HITPOINT WARNING * * *
You are more poisoned.
A gnoll comes into view. It is wielding a +0 whip.
The gnoll shouts!
You slash the gnoll sergeant!
The gnoll sergeant is severely wounded.
You feel very sick. You block the gnoll sergeant's attack.
You hit the gnoll sergeant but do no damage.
The gnoll sergeant is severely wounded.
You feel sick.
An adder comes into view.
The gnoll sergeant hits you but does no damage.
The gnoll hits you but does no damage.
You hit the gnoll sergeant.
The gnoll sergeant is severely wounded.
You feel sick.
The gnoll sergeant hits you with a +4 spear of venom!
You die...

#......#......# ##
#......#......##..[#
#......#......##...#
#......#...........#
#......#...........#
#......#(..........######
#......####'####........#
#......#......##........#
#<.....#.......@........+
#......+......##g..##...# ...g
#......#......##g..##...# ..(.
#......#......##........+ ..(.(
##......#......##......[.# .....
.#......#........g.......#......
.#......#...........######g.....
.#††....#.........S)#...{{......
.#......#......)....'...........


You could see a gnoll sergeant, 2 gnolls and an adder.

Vanquished Creatures
  A howler monkey (D:4)
  A sleepcap (D:4)
  2 orc wizards (D:4)
  8 gnolls
  9 adders
  2 dart slugs (D:2)
  7 orcs
  6 ball pythons
  7 bats
  5 endoplasms
  3 giant cockroaches
  8 hobgoblins
  9 jackals
  3 kobolds
  2 quokkas
  A frilled lizard (D:2)
  5 goblins
  3 rats
82 creatures vanquished.

Notes
Turn   | Place    | Note
-------+----------+-------------------------------------------
     0 | D:1      | Zenkrye the Formicid Fighter began the quest for the Orb.
     0 | D:1      | Reached XP level 1. HP: 18/18 MP: 1/1
   138 | D:1      | Reached XP level 2. HP: 24/24 MP: 2/2
   365 | D:1      | Reached skill level 3 in Axes
   648 | D:2      | Reached XP level 3. HP: 29/29 MP: 3/3
  1042 | D:2      | You fall into a shaft and drop 2 floors!
  1158 | D:3      | Reached skill level 4 in Axes
  1158 | D:3      | Reached XP level 4. HP: 35/35 MP: 4/4
  1590 | D:2      | Reached XP level 5. HP: 30/41 MP: 5/5
  1751 | D:2      | Reached skill level 5 in Axes
  2778 | D:4      | Reached skill level 6 in Axes
  2778 | D:4      | Reached XP level 6. HP: 44/47 MP: 6/6
  3315 | D:4      | Slain by a gnoll sergeant

Illustrated notes

Levels and vault maps discovered:
D:1:      roderic_dead_forest, layout_basic
D:2:      layout_loops_ring, kennysheep_pointless_box
D:3:      kb_forest_paths, layout_loops_corners, serial_park_tiny_2,
          serial_bayou_crossing
D:4:      layout_gridville, enter_ossuary_1, uniq_natasha

Skill      XL: |  1  2  3  4  5 |
---------------+----------------+-----
Axes           | 3 4 6 |  6.9
Fighting       | |  3.2
Armour         | |  3.2
Shields        | |  4.0

Action                     |  1- 3 |  4- 6 || total
---------------------------+-------+-------++-------
  Melee: War axe           |    84 |   175 ||   259
  Throw: Dart              |       |    15 ||    15
Ability: Shaft Self        |     1 |       ||     1
    Use: Scroll            |     2 |     3 ||     5
         Potion            |       |     2 ||     2
 Armour: Scale mail        |     5 |       ||     5
         Chain mail        |    48 |    85 ||   133
  Dodge: Dodged            |    44 |    73 ||   117
  Block: Buckler           |    25 |    55 ||    80

Table legend: (Time is in decaauts)
 A = Elapsed time spent in this place.
 B = Non-inter-level travel time spent in this place.
 C = Inter-level travel time spent in this place.
 D = Time resting spent in this place.
 E = Time spent auto-exploring this place.
 F = Levels seen in this place.
 G = Mean time per level.
                   A        B        C        D        E       F      G
               +--------+--------+--------+--------+--------+-----+--------+
         Total |   3400 |   3325 |     75 |    289 |   2344 |   4 |  850.0 |
       Dungeon |   3400 |   3325 |     75 |    289 |   2344 |   4 |  850.0 |
               +--------+--------+--------+--------+--------+-----+--------+

Top non-repeatable levels by time:
     D:3: 1332 daAuts
     D:2: 771 daAuts
     D:4: 665 daAuts
     D:1: 631 daAuts
